 Dungeon Sprint DCSS version 0.27-a0-1359-ga2a4dfd6fd (webtiles) character file.

Game seed: 15890613699009524263

4839 mhtbhm the Eclecticist (level 10, 0/50 HPs)
             Began as a Deep Elf Earth Elementalist on June 28, 2021.
             Was the Champion of Vehumet.
             Slain by a ghost moth (8 damage)
             ... in the Dungeon (Sprint VII: "The Pits").
             The game lasted 00:03:24 (1564 turns).

mhtbhm the Eclecticist (DEEE)                       Turns: 1564, Time: 00:03:24

Health: 0/50       AC:  4    Str:  5      XL:     10   Next: 25%
Magic:  8/36       EV: 17    Int: 23 (24) God:    Vehumet [******]
Gold:   0          SH:  0    Dex: 24      Spells: 27/49 levels left

rFire    + . .     SeeInvis .   l - +2 scimitar of Wariness {vorpal, Fly rF+ Will+ Dex+3}
rCold    . . .     Faith    .   (no shield)
rNeg     . . .     Spirit   .   b - +0 robe
rPois    .         Reflect  .   (no helmet)
rElec    .         Harm     .   p - +0 cloak
rCorr    .         Rampage  .   q - +0 pair of gloves
Will     ++...     NoTele   +   (no boots)
Stlth    ++++......             (no amulet)
HPRegen  0.16/turn              m - +3 ring of dexterity
MPRegen  0.25/turn              o - +3 ring of dexterity

@: flying
A: no striking features
a: Renounce Religion


You were in the Dungeon.
You worshipped Vehumet.
Vehumet was exalted by your worship.
You visited 1 branch

Inventory:

Hand Weapons
 l - the +2 scimitar of Wariness (weapon) {vorpal, Fly rF+ Will+ Dex+3}
   (You found it in the Dungeon)

   It inflicts extra damage upon your enemies.
   Dex:       It affects your dexterity (+3).
   rF:        It protects you from fire.
   Fly:       It grants you flight.
   Will:      It increases your willpower.
Missiles
 i - 25 stones
 r - 4 curare-tipped darts (quivered)
Armour
 b - a +0 robe (worn)
 p - a +0 cloak (worn)
 q - a +0 pair of gloves (worn)
Jewellery
 m - a +3 ring of dexterity (left hand)
 o - a +3 ring of dexterity (right hand)
Scrolls
 h - a scroll of blinking
 j - 5 scrolls of amnesia
 k - a scroll of summoning
Potions
 a - 3 potions of invisibility
 c - 8 potions of curing
 d - 10 potions of heal wounds
 e - a potion of haste
 f - 4 potions of magic
 g - 5 potions of berserk rage
 n - 2 potions of brilliance


   Skills:
 + Level 6.0 Dodging
 + Level 5.3 Stealth
 + Level 20.2 Spellcasting
 + Level 0.6 Conjurations
 + Level 2.3 Transmutations
 + Level 17.0 Earth Magic


You had 27 spell levels left.
You knew the following spells:

 Your Spells              Type           Power      Damage    Failure   Level
a - Sandblast             Erth           100%       2d20      0%          1
b - Passwall              Tmut/Erth      50%        N/A       1%          2
c - Stone Arrow           Conj/Erth      100%       3d13      1%          3
d - Lee's Rapid Deconstr  Erth           40%        3d21*     1%          5
e - Petrify               Tmut/Erth      61%        N/A       1%          4
f - Spellforged Servitor  Conj/Summ      12%        N/A       96%         7

Your spell library contained the following spells:

 Spells                   Type           Power      Damage    Failure   Level


Dungeon Overview and Level Annotations

Branches:
Dungeon (1/1)

Altars:
Ashenzari
Cheibriados
Dithmenos
Elyvilon
Fedhas
Gozag
Hepliaklqana
Kikubaaqudgha
Makhleb
Nemelex Xobeh
Okawaru
Qazlal
Ru
Sif Muna
Trog
Uskayaw
Vehumet
Wu Jian
Xom
Yredelemnul
Zin
The Shining One
Beogh
Jiyva
Lugonu


Message History

Confirm with . or Enter, or press ? or * to list all spells.
Aiming: Lee's Rapid Deconstruction (safe; 1% risk of failure)
Press: ? - help, Dir - move target A metal wall.
The metal wall shatters!
The blast of metal fragments hits the neqoxec!!!
You kill the neqoxec!
Vehumet accepts your kill.
You feel your power returning.
Unknown command.
Casting: Lee's Rapid Deconstruction (safe; 1% risk of failure)
Confirm with . or Enter, or press ? or * to list all spells.
Okay, then.
You start resting.
Magic restored.
A kobold comes into view. It is wielding a +0 short sword.
Casting: Lee's Rapid Deconstruction (safe; 1% risk of failure)
Confirm with . or Enter, or press ? or * to list all spells.
Aiming: Lee's Rapid Deconstruction (safe; 1% risk of failure)
Press: ? - help, Dir - move target A metal wall.
The metal wall shatters!
The blast of metal fragments hits the kobold!!
You kill the kobold!
Vehumet accepts your kill.
You feel your power returning.
You feel you are being watched by something.
You feel your power leaking away.
Unknown command.
Unknown command.
Something hits you!
You feel dopey.
Deactivating autopickup; reactivate with Ctrl-A.
Something hits you! Something stings you.
You feel you are being watched by something.
You feel your power leaking away. Something hits you but does no damage.
Something hits you!
* * * LOW HITPOINT WARNING * * *
Something stings you!
You die...

########################
................@{......
......................).
############++##########


There were no monsters in sight!

Vanquished Creatures
  Josephine (D)
  A two-headed ogre (D)
  A spriggan (D)
  Sonja (D)
  A molten gargoyle (D)
  A hornet (D)
  A tarantella (D)
  5 wraiths (D)
  A neqoxec (D)
  A warg (D)
  An orc warrior (D)
  An ogre (D)
  A centaur (D)
  A phantom (D)
  2 bullfrogs (D)
  2 scorpions (D)
  A quasit (D)
  A gnoll shaman (D)
  2 orc priests (D)
  2 gnolls (D)
  A white imp (D)
  An ufetubus (D)
  2 orcs (D)
  A bat skeleton (D)
  An endoplasm (D)
  2 jackals (D)
  A ball python skeleton (D)
  2 frilled lizards (D)
  2 kobolds (D)
  2 rats (D)
43 creatures vanquished.

Notes
Turn   | Place    | Note
-------+----------+-------------------------------------------
     0 | D        | mhtbhm the Deep Elf Earth Elementalist began the quest for
                  | the Orb.
     0 | D        | Reached XP level 1. HP: 10/10 MP: 6/6
    18 | D        | Found a bloodstained altar of Trog.
    18 | D        | Found a shimmering blue altar of Sif Muna.
    18 | D        | Found a viscous altar of Jiyva.
    18 | D        | Found a hazy altar of Hepliaklqana.
    18 | D        | Found an opulent altar of Gozag.
    19 | D        | Found a glowing golden altar of the Shining One.
    19 | D        | Found a glowing silver altar of Zin.
    19 | D        | Found a basalt altar of Yredelemnul.
    19 | D        | Found a shimmering altar of Xom.
    19 | D        | Found an ornate altar of the Wu Jian Council.
    19 | D        | Found a sacrificial altar of Ru.
    19 | D        | Found a stormy altar of Qazlal.
    19 | D        | Found an iron altar of Okawaru.
    19 | D        | Found a sparkling altar of Nemelex Xobeh.
    19 | D        | Found a burning altar of Makhleb.
    19 | D        | Found a blossoming altar of Fedhas.
    19 | D        | Found a white marble altar of Elyvilon.
    19 | D        | Found a shadowy altar of Dithmenos.
    19 | D        | Found a snail-covered altar of Cheibriados.
    21 | D        | Found a radiant altar of Vehumet.
    21 | D        | Found a corrupted altar of Lugonu.
    22 | D        | Found a hide-covered altar of Uskayaw.
    22 | D        | Found an ancient bone altar of Kikubaaqudgha.
    22 | D        | Found a broken altar of Ashenzari.
    29 | D        | Became a worshipper of Vehumet
    72 | D        | Noticed a scorpion
    76 | D        | Killed a scorpion
    77 | D        | Reached skill level 6 in Spellcasting
    77 | D        | Reached XP level 2. HP: 4/15 MP: 3/11
    77 | D        | Reached XP level 3. HP: 6/19 MP: 3/12
   297 | D        | Reached * piety under Vehumet
   297 | D        | Offered knowledge of Foxfire by Vehumet.
   299 | D        | Noticed a scorpion
   302 | D        | Killed a scorpion
   303 | D        | Reached skill level 7 in Spellcasting
   303 | D        | Reached XP level 4. HP: 24/24 MP: 11/15
   306 | D        | Learned a level 2 spell: Passwall
   310 | D        | Learned a level 3 spell: Stone Arrow
   334 | D        | Noticed a warg
   338 | D        | Killed a warg
   338 | D        | Reached ** piety under Vehumet
   339 | D        | Reached skill level 5 in Dodging
   339 | D        | Reached skill level 9 in Spellcasting
   339 | D        | Reached XP level 5. HP: 28/28 MP: 9/18
   485 | D        | Learned a level 5 spell: Lee's Rapid Deconstruction
   490 | D        | Learned a level 4 spell: Petrify
   492 | D        | Offered knowledge of Static Discharge by Vehumet.
   492 | D        | Reached *** piety under Vehumet
   492 | D        | Noticed an ogre
   499 | D        | Reached skill level 10 in Spellcasting
   499 | D        | Reached skill level 10 in Earth Magic
   499 | D        | Reached XP level 6. HP: 32/32 MP: 14/21
   502 | D        | Reached **** piety under Vehumet
   503 | D        | Reached skill level 11 in Spellcasting
   678 | D        | Offered knowledge of Conjure Flame by Vehumet.
   706 | D        | Noticed a molten gargoyle
   708 | D        | Killed a molten gargoyle
   708 | D        | Reached ***** piety under Vehumet
   709 | D        | Reached skill level 5 in Stealth
   709 | D        | Reached skill level 13 in Spellcasting
   709 | D        | Reached XP level 7. HP: 36/36 MP: 15/26
   943 | D        | Offered knowledge of Frozen Ramparts by Vehumet.
   959 | D        | Noticed Josephine
   959 | D        | Noticed a wraith
   959 | D        | Noticed a wraith
   959 | D        | Noticed a wraith
   963 | D        | Killed a wraith
   964 | D        | Reached skill level 14 in Spellcasting
   964 | D        | Reached XP level 8. HP: 41/41 MP: 15/28
   966 | D        | Reached skill level 15 in Spellcasting
   966 | D        | Killed Josephine
   966 | D        | Reached ****** piety under Vehumet
   967 | D        | Reached skill level 17 in Spellcasting
   967 | D        | Reached skill level 15 in Earth Magic
   967 | D        | Reached XP level 9. HP: 45/45 MP: 9/32
  1139 | D        | Got the +2 scimitar of Wariness {vorpal, Fly rF+ Will+
                  | Dex+3}
  1214 | D        | Noticed Sonja
  1216 | D        | Offered knowledge of Sticky Flame by Vehumet.
  1217 | D        | Killed Sonja
  1218 | D        | Reached skill level 18 in Spellcasting
  1229 | D        | Noticed a spriggan rider
  1231 | D        | Killed a spriggan rider
  1232 | D        | Reached skill level 19 in Spellcasting
  1232 | D        | Reached XP level 10. HP: 38/50 MP: 7/35
  1462 | D        | Noticed a two-headed ogre
  1465 | D        | Killed a two-headed ogre
  1465 | D        | Offered knowledge of Spellforged Servitor by Vehumet.
  1466 | D        | Reached skill level 20 in Spellcasting
  1474 | D        | Learned a level 7 spell: Spellforged Servitor
  1564 | D        | Slain by a ghost moth

Illustrated notes

Levels and vault maps discovered:
D:        pitsprint [storerooms_1, entrance_room_1, metal_vault_4, armoury_3,
          mini_pit_1, grid_room_1, main_hall_1, silver_pit, the_coven_1,
          the_vestibule_1, steel_vault_3, golden_pit, hallway_of_sentries,
          crystal_vault_4, iron_vault_1, final_vault]

Skill      XL: |  1  2  3  4  5  6  7  8  9 10 |
---------------+-------------------------------+-----
Dodging        | 3 4 5 6 |  6.0
Stealth        | 3 4 5 |  5.3
Spellcasting   | 6 7 9 10 13 14 17 19 20 | 20.2
Earth Magic    | 6 8 9 10 12 13 15 16 17 | 17.0
Transmutations | 2 |  2.3
Conjurations   | |  0.6

Action                   |  1- 3 |  4- 6 |  7- 9 | 10-12 || total
-------------------------+-------+-------+-------+-------++-------
 Cast: Sandblast         |    10 |     5 |       |       ||    15
       Stone Arrow       |       |     2 |       |       ||     2
       Lee's Rapid Decon |       |     7 |    15 |     5 ||    27
       Petrify           |       |       |     1 |       ||     1
Armor: Robe              |     1 |       |       |     1 ||     2
Dodge: Dodged            |       |     3 |     1 |       ||     4

Table legend: (Time is in decaauts)
 A = Elapsed time spent in this place.
 B = Non-inter-level travel time spent in this place.
 C = Inter-level travel time spent in this place.
 D = Time resting spent in this place.
 E = Time spent auto-exploring this place.
 F = Levels seen in this place.
 G = Mean time per level.
                   A        B        C        D        E       F      G
               +--------+--------+--------+--------+--------+-----+--------+
         Total |   1561 |   1561 |      0 |   1131 |     28 |   1 | 1561.0 |
       Dungeon |   1561 |   1561 |      0 |   1131 |     28 |   1 | 1561.0 |
               +--------+--------+--------+--------+--------+-----+--------+

Top non-repeatable levels by time:
       D: 1561 daAuts
